 Dungeon Crawl Stone Soup version 0.28.0 (webtiles) character file.

Game seed: 7163697465588163375

592 DZHaart the Firebug (level 7, -7/51 HPs)
             Began as a Gnoll Fire Elementalist on Oct 10, 2022.
             Mangled by a two-headed ogre (11 damage)
             ... on level 4 of the Dungeon.
             The game lasted 00:30:54 (3853 turns).

DZHaart the Firebug (Gnoll Fire Elementalist)       Turns: 3853, Time: 00:30:56

Health: -7/51      AC:  7    Str:  7    XL:     7   Next: 39%
Magic:  10/15      EV: 15    Int: 17    God:
Gold:   119        SH:  0    Dex: 18    Spells: 7/17 levels left

rFire   . . .      SeeInvis .   m - +3 quarterstaff (chaos)
rCold   . . .      Faith    .   (shield currently unavailable)
rNeg    . . .      Spirit   .   a - +0 robe
rPois   .          Reflect  .   (no helmet)
rElec   .          Harm     .   n - +0 cloak
rCorr   .          Rampage  .   (no gloves)
Will    .....                   (no boots)
Stlth   +++.......              (no amulet)
HPRegen 0.17/turn               k - +6 ring of dexterity
MPRegen 0.14/turn               s - +4 ring of protection

@: no status effects
A: fangs 1, strong nose, distributed training
a: no special abilities


You were on level 4 of the Dungeon.
You visited 1 branch of the dungeon, and saw 4 of its levels.

You collected 119 gold pieces.

Inventory:

Hand Weapons
 m - a +3 quarterstaff of chaos (weapon)
Missiles
 c - 64 stones (quivered)
 f - 3 boomerangs
 o - 2 poisoned darts
 p - 4 javelins
Armour
 a - a +0 robe (worn)
 n - a +0 cloak (worn)
Jewellery
 e - a ring of flight
 k - a +6 ring of dexterity (left hand)
 s - a +4 ring of protection (right hand)
Wands
 g - a wand of iceblast (15)
 l - a wand of digging (12)
Scrolls
 d - a scroll of magic mapping {unknown}
 h - a scroll of enchant weapon {unknown}
 j - a scroll of immolation {unknown}
 q - 2 scrolls of fog {unknown}
 r - a scroll of identify
Potions
 b - a potion of curing
 i - a potion of attraction


   Skills:
 + Level 2.4 Fighting
 + Level 2.4 Short Blades
 + Level 2.4 Long Blades
 + Level 2.4 Axes
 + Level 2.4 Maces & Flails
 + Level 2.4 Polearms
 + Level 2.4 Staves
 + Level 2.4 Slings
 + Level 2.4 Bows
 + Level 2.4 Crossbows
 + Level 2.4 Throwing
 + Level 2.4 Armour
 + Level 5.2 Dodging
 + Level 4.9 Stealth
 + Level 2.4 Shields
 + Level 2.4 Unarmed Combat
 + Level 5.6 Spellcasting
 + Level 3.0 Conjurations
 + Level 2.0 Hexes
 + Level 2.0 Summonings
 + Level 2.0 Necromancy
 + Level 2.0 Translocations
 + Level 2.0 Transmutations
 + Level 5.8 Fire Magic
 + Level 2.0 Ice Magic
 + Level 2.0 Air Magic
 + Level 2.0 Earth Magic
 + Level 2.0 Poison Magic
 + Level 2.7 Invocations
 + Level 2.4 Evocations


You had 7 spell levels left.
You knew the following spells:

 Your Spells              Type           Power      Damage    Failure   Level
a - Foxfire               Conj/Fire      76%        2x1d7     2%          1
b - Scorch                Fire           48%        2d7       1%          2
i - Conjure Flame         Conj/Fire      19%        6-21      7%          3
r - Flame Wave            Conj/Fire      19%        2d6       22%         4

Your spell library contained the following spells:

 Spells                   Type           Power      Damage    Failure   Level
 Inner Flame              Hex/Fire       18%        N/A       8%          3
 Confusing Touch          Hex            11%        N/A       17%         3
 Yara's Violent Unravell  Hex/Tmut       5%         3d4       85%         5
 Enfeeble                 Hex            5%         N/A       100%        7


Dungeon Overview and Level Annotations

Branches:
Dungeon (4/15)
 Temple: D:4-7

Altars:
Elyvilon
Makhleb

Annotations:
D:2 Sigmund
D:3 Grinder


Innate Abilities, Weirdness & Mutations

You have very sharp teeth.
Your uncanny sense of smell can sniff out nearby items.
Your experience applies equally to all skills.


Message History

Casting: Foxfire (safe; 2% risk of failure)
Confirm with . or Enter, or press ? or * to list all spells.
You conjure some foxfire!
The foxfire hits the two-headed ogre.
The two-headed ogre is lightly wounded.
Casting: Foxfire (safe; 2% risk of failure)
Confirm with . or Enter, or press ? or * to list all spells.
You conjure some foxfire!
The foxfire hits the two-headed ogre but does no damage.
The two-headed ogre is lightly wounded.
Casting: Foxfire (safe; 2% risk of failure)
Confirm with . or Enter, or press ? or * to list all spells.
Flames lash the two-headed ogre.
The two-headed ogre is moderately wounded.
The two-headed ogre's fire resistance burns away.
The foxfire hits the two-headed ogre!
The two-headed ogre is burned terribly!
The two-headed ogre is moderately wounded.
The foxfire hits the two-headed ogre but does no damage.
The two-headed ogre is moderately wounded.
The foxfire hits the two-headed ogre but does no damage.
The two-headed ogre is moderately wounded.
The foxfire hits the two-headed ogre but does no damage.
The two-headed ogre is moderately wounded.
Casting: Scorch (safe; 1% risk of failure)
Confirm with . or Enter, or press ? or * to list all spells.
You conjure some foxfire!
The foxfire hits the two-headed ogre.
The two-headed ogre is burned terribly!
The two-headed ogre is heavily wounded.
The foxfire hits the two-headed ogre.
The two-headed ogre is burned terribly!
The two-headed ogre is heavily wounded.
You sock the two-headed ogre! You burn the two-headed ogre.
The two-headed ogre is severely wounded.
The two-headed ogre misses you.
The two-headed ogre hits you with a +0 giant spiked club!!
You hit the two-headed ogre.
The two-headed ogre is severely wounded.
The two-headed ogre hits you with a +0 giant club!!
Ouch! That really hurt!
* * * LOW HITPOINT WARNING * * *
The two-headed ogre hits you with a +0 giant spiked club!
You die...

#....###...##....#### #.....###.
....###........### ##..†.####
...####.......## ##.....###
...###........# #.........
#...##........### #...........
##..............####.....##......
#...###...###........########....
#.### ##..# ##.O..#### #.#.. .#
#### ##.@.# ##... # ##..# .##
##.## ## ##.# ###


You could see a two-headed ogre (combustible).

Vanquished Creatures
  A black bear (D:4)
  A gnoll sergeant (D:3)
  2 scorpions
  Crazy Yiuf (D:3)
  Jessica (D:2)
  Ijyb (D:3)
  Terence (D:3)
  A hound skeleton (D:4)
  6 gnolls (D:3)
  4 adders
  An adder skeleton (D:4)
  2 worms
  14 dart slugs
  5 bats
  9 endoplasms
  4 giant cockroaches
  3 goblins
  5 hobgoblins
  2 quokkas (D:1)
  7 ball pythons
  3 frilled lizards
  7 kobolds
  3 rats
84 creatures vanquished.

Vanquished Creatures (others)
  155 foxfires
  5 plants (D:3)
160 creatures vanquished.

Grand Total: 244 creatures vanquished

Notes
Turn   | Place    | Note
-------+----------+-------------------------------------------
     0 | D:1      | DZHaart the Gnoll Fire Elementalist began the quest for the
                  | Orb.
     0 | D:1      | Reached XP level 1. HP: 13/13 MP: 6/6
   373 | D:1      | Reached XP level 2. HP: 18/19 MP: 7/7
   580 | D:1      | Learned a level 2 spell: Scorch
   779 | D:1      | Reached XP level 3. HP: 25/25 MP: 9/9
   783 | D:1      | Learned a level 3 spell: Conjure Flame
   803 | D:1      | Reached skill level 5 in Spellcasting
  1197 | D:2      | Noticed Sigmund
  1202 | D:1      | Reached skill level 1 in Invocations
  1446 | D:2      | Noticed Jessica
  1449 | D:2      | Killed Jessica
  1450 | D:2      | Reached skill level 1 in Fighting
  1450 | D:2      | Reached skill level 1 in Short Blades
  1450 | D:2      | Reached skill level 1 in Long Blades
  1450 | D:2      | Reached skill level 1 in Axes
  1450 | D:2      | Reached skill level 1 in Maces & Flails
  1450 | D:2      | Reached skill level 1 in Polearms
  1450 | D:2      | Reached skill level 1 in Staves
  1450 | D:2      | Reached skill level 1 in Slings
  1450 | D:2      | Reached skill level 1 in Bows
  1450 | D:2      | Reached skill level 1 in Crossbows
  1450 | D:2      | Reached skill level 1 in Throwing
  1450 | D:2      | Reached skill level 1 in Armour
  1450 | D:2      | Reached skill level 1 in Shields
  1450 | D:2      | Reached skill level 1 in Unarmed Combat
  1450 | D:2      | Reached skill level 1 in Evocations
  1450 | D:2      | Reached XP level 4. HP: 32/32 MP: 7/11
  1576 | D:2      | Noticed a scorpion
  1686 | D:2      | Reached skill level 1 in Hexes
  1686 | D:2      | Reached skill level 1 in Summonings
  1686 | D:2      | Reached skill level 1 in Necromancy
  1686 | D:2      | Reached skill level 1 in Translocations
  1686 | D:2      | Reached skill level 1 in Transmutations
  1686 | D:2      | Reached skill level 1 in Ice Magic
  1686 | D:2      | Reached skill level 1 in Air Magic
  1686 | D:2      | Reached skill level 1 in Earth Magic
  1686 | D:2      | Reached skill level 1 in Poison Magic
  1706 | D:2      | Killed a scorpion
  1707 | D:2      | Reached XP level 5. HP: 33/37 MP: 7/12
  1947 | D:3      | Found a runed translucent door.
  1948 | D:3      | Noticed Crazy Yiuf
  1957 | D:3      | Killed Crazy Yiuf
  2152 | D:3      | Noticed Ijyb
  2163 | D:3      | Killed Ijyb
  2337 | D:3      | Reached XP level 6. HP: 44/44 MP: 10/13
  2597 | D:3      | Noticed Terence
  2606 | D:3      | Reached skill level 5 in Dodging
  2613 | D:3      | Killed Terence
  2755 | D:3      | Noticed Grinder
  2815 | D:3      | Found a burning altar of Makhleb.
  2830 | D:3      | Found a white marble altar of Elyvilon.
  2898 | D:3      | Learned a level 4 spell: Flame Wave
  3538 | D:4      | Reached XP level 7. HP: 50/50 MP: 9/15
  3844 | D:4      | Noticed a two-headed ogre
  3853 | D:4      | Mangled by a two-headed ogre

Illustrated notes

Levels and vault maps discovered:
D:1:      noname_arrival_rooms_in_the_neighbourhood, layout_loops_ring
D:2:      layout_rooms, minmay_misc_feat_encased, minmay_tall_x, uniq_sigmund,
          uniq_jessica
D:3:      layout_loops_corners, mainiacjoe_overflow_swirl, portal_sewer_entry_b,
          serial_bayou_lake_a, uniq_crazy_yiuf_cottage, uniq_terence, uniq_ijyb,
          uniq_grinder
D:4:      kennysheep_slugbush, layout_layer_cave, minmay_box_of_dots,
          uniq_duvessa

Skill      XL: |  1  2  3  4  5  6  7 |
---------------+----------------------+-----
Conjurations   | 2 3 |  3.0
Spellcasting   | 5 |  5.6
Invocations    | 1 2 |  2.7
Fighting       | 1 2 |  2.4
Short Blades   | 1 2 |  2.4
Long Blades    | 1 2 |  2.4
Axes           | 1 2 |  2.4
Maces & Flails | 1 2 |  2.4
Polearms       | 1 2 |  2.4
Staves         | 1 2 |  2.4
Slings         | 1 2 |  2.4
Bows           | 1 2 |  2.4
Crossbows      | 1 2 |  2.4
Throwing       | 1 2 |  2.4
Armour         | 1 2 |  2.4
Shields        | 1 2 |  2.4
Unarmed Combat | 1 2 |  2.4
Evocations     | 1 2 |  2.4
Hexes          | 1 2 |  2.0
Summonings     | 1 2 |  2.0
Necromancy     | 1 2 |  2.0
Translocations | 1 2 |  2.0
Transmutations | 1 2 |  2.0
Ice Magic      | 1 2 |  2.0
Air Magic      | 1 2 |  2.0
Earth Magic    | 1 2 |  2.0
Poison Magic   | 1 2 |  2.0
Dodging        | 5 |  5.2
Stealth        | |  4.9
Fire Magic     | |  5.8

Action                   |  1- 3 |  4- 6 |  7- 9 || total
-------------------------+-------+-------+-------++-------
Melee: Unarmed           |     8 |       |       ||     8
       Club              |     6 |       |       ||     6
       Punch             |     1 |       |       ||     1
       Short sword       |    20 |       |       ||    20
       Bite              |     2 |       |       ||     2
       Quarterstaff      |       |    13 |     5 ||    18
Throw: Stone             |     6 |     3 |       ||     9
 Cast: Foxfire           |    27 |    52 |    12 ||    91
       Scorch            |     6 |    22 |     2 ||    30
       Conjure Flame     |     1 |     3 |       ||     4
  Use: Scroll            |       |     2 |       ||     2
 Stab: Sleeping          |     7 |     1 |       ||     8
Armor: Robe              |     4 |     3 |     1 ||     8
Dodge: Dodged            |    30 |    12 |     2 ||    44
